Map: Ultralove

Players

wootwoot - Winner!

  • Race: Terran Terran
  • League: Platinum
  • Spawn Location: 7:00

kcchan

  • Race: Terran Terran
  • League: Platinum
  • Spawn Location: 1:00

VOD

Have the link to the VOD?

Description

Time

  • Played on: April 1, 2025, 7:45 p.m.
  • Length: 2:59
Show
View Real Time Build Order
Export as new Build Order

wootwoot Terran - Winner!

Build Orders:  

Get SALT Encoding   

  12  0:00  SCV  
  13  0:12  SCV  
  14  0:17  Supply Depot  
  14  0:24  SCV  
  15  0:29  Refinery  
  15  0:38  SCV  
  16  0:44  Barracks  
  16  0:50  SCV  
  17  1:01  Barracks  
  17  1:14  Barracks  
  17  1:21  Refinery  
  17  1:31  Reaper  
  18  1:40  Orbital Command  
  18  1:48  Reaper  
  19  2:00  Reaper  
  20  2:03  Reaper  
  20  2:07  SCV  
  22  2:10  Supply Depot  
  22  2:20  Reaper  
  23  2:31  SCV  
Show
View Real Time Build Order
Export as new Build Order

kcchan Terran 

Build Orders: Reaper Expand 

Get SALT Encoding   

  12  0:00  SCV  
  13  0:12  SCV  
  14  0:20  Supply Depot  
  14  0:25  SCV  
  15  0:41  SCV  
  16  0:43  Barracks  
  16  0:45  Refinery  
  16  0:53  SCV  
  17  1:05  SCV  
  18  1:18  SCV  
  19  1:31  Orbital Command  
  19  1:32  Reaper  
  20  1:41  Command Center  
  20  1:54  Supply Depot  
  20  2:03  Marine, Barracks  
  20  2:07  SCV  
  22  2:12  Refinery  
  21  2:23  SCV  
  21  2:27  Barracks Reactor  
  22  2:32  Factory  
  22  2:35  SCV  
Tags
 
Matchup
TvT
Race
Terran
Replay Pack
B2M-Replays
Spawn Locations
Cross Positions
Add a new tag
Caveats
  • Supply blocks, unpowered buildings, or Contaminate may cause inaccurate times.
  • Supply counts are checked every 10 seconds.